 Dungeon Crawl Stone Soup version 0.18-a0-1628-g61c6396 (webtiles) character file.

58 Arkorax the Skirmisher (level 3, 0/30 HPs)
             Began as a Demonspawn Berserker on Mar 25, 2016.
             Was a Believer of Trog.
             Slain by SlimShady's ghost (3 damage)
             ... on level 3 of the Dungeon.
             The game lasted 00:01:59 (918 turns).

Arkorax the Skirmisher (Demonspawn Berserker)        Turns: 918, Time: 00:01:59

Health: 0/30       AC:  6    Str: 22    XL:     3   Next: 76%
Magic:  3/3        EV: 10    Int:  8    God:    Trog [**....]
Gold:   37         SH:  0    Dex: 13    Spells: 0 memorised, 2 levels left

rFire  . . .     SeeInvis .     n - +0 trident
rCold  + . .     Gourm    .     g - +0 scale mail
rNeg   . . .     Faith    .     (no shield)
rPois  .         Spirit   .     (no helmet)
rElec  .         Dismiss  .     (no cloak)
rCorr  .         Reflect  .     (no gloves)
SustAt .         Harm     .     (no boots)
MR     .....                    (no amulet)
Stlth  ..........               (no ring)
                                h - ring of protection from cold

@: mighty, exhausted, slowed, very slow, not resistant to hostile enchantments,
extremely unstealthy
A: rot immunity
a: Berserk, Trog's Hand, Burn Spellbooks, Renounce Religion


You were on level 3 of the Dungeon.
You worshipped Trog.
Trog was pleased with you.
You were very hungry.

You visited 1 branch of the dungeon, and saw 3 of its levels.

You collected 37 gold pieces.

Inventory:

Hand Weapons
 a - a +0 spear
 n - a +0 trident (weapon)
Missiles
 l - 5 tomahawks (quivered)
Armour
 b - a +0 animal skin
 g - a +0 scale mail (worn)
Jewellery
 h - a ring of protection from cold (left hand)
Wands
 m - a wand of confusion (29/48)
Scrolls
 e - a scroll of noise {unknown}
 k - a scroll of enchant armour {unknown}
 o - a scroll of fear {unknown}
Potions
 j - a potion of flight {unknown}
Comestibles
 c - 3 bread rations
 d - 6 chunks of flesh


   Skills:
 + Level 3.9 Fighting
 * Level 3.6 Polearms
 - Level 1.7 Armour
 - Level 1.7 Dodging


You had 2 spell levels left.
You didn't know any spells.

Dungeon Overview and Level Annotations

Branches:
Dungeon (3/15)

Altars:

Annotations:
D:3 SlimShady's ghost, amateur SpAr


Innate Abilities, Weirdness & Mutations

You are immune to rotting.


Message History

SlimShady's ghost hits you but does no damage.
The giant newt bites you.
* * * LOW HITPOINT WARNING * * *
Your skin stops crawling.
You feel less resistant to hostile enchantments.
SlimShady's ghost hits you.
* * * LOW HITPOINT WARNING * * *
The giant newt bites you but does no damage.
SlimShady's ghost closely misses you. The giant newt closely misses you.
SlimShady's ghost hits you but does no damage.
You closely miss SlimShady's ghost.
SlimShady's ghost is severely damaged.
The giant newt bites you.
* * * LOW HITPOINT WARNING * * *
SlimShady's ghost hits you but does no damage.
The giant newt bites you but does no damage.
You miss SlimShady's ghost.
SlimShady's ghost is severely damaged.
SlimShady's ghost hits you.
You die...

#........####...........#
#.#####.## ...........#
#.#####.#####...........#
....................)...#
#.#.###.................#
#.#+###......########...#
.......$.....# #.#.##
........l....# #.#..)
........W@...# #.##.#
.............+ ..##.#
.............# #.##..
.............# #.##..
.............# #. #..
.............# #..
.............# #.#
............# #.##.# #...
..##..


You could see SlimShady's ghost and a giant newt.

Vanquished Creatures
  An adder (D:3)
  A giant gecko (D:2)
  6 orcs (D:3)
  9 goblins
  4 hobgoblins
  2 kobolds (D:2)
  2 quokkas
  A ball python (D:2)
  6 bats
  3 giant newts
  3 rats
38 creatures vanquished.

Notes
Turn   | Place    | Note
--------------------------------------------------------------
     0 | D:1      | Arkorax the Demonspawn Berserker began the quest for the Orb.
     0 | D:1      | Reached XP level 1. HP: 18/18 MP: 1/1
   228 | D:2      | Gained mutation: You are immune to rotting. [demonic ancestry]
   228 | D:2      | Reached XP level 2. HP: 24/24 MP: 2/2
   632 | D:3      | Reached ** piety under Trog
   661 | D:3      | Reached XP level 3. HP: 24/30 MP: 3/3
   879 | D:3      | Noticed SlimShady's ghost (amateur SpAr)
   918 | D:3      | Slain by SlimShady's ghost

Vault maps used:
D:1:      dpeg_arrival_circle_labyrinth_c, st_stairs_1,
          hangedman_feature_mirror, patterned_corridor
D:3:      kennysheep_the_goblin_king, xom_redecorated

Skill      XL: |  1  2 |
---------------+-------+-----
Polearms       | 3 |  3.6
Fighting       | |  3.9
Armour         | |  1.7
Dodging        | |  1.7

Action                   || total
-------------------------++-------
Melee: Spear             ||   124
       Trident           ||    37
Invok: Berserk           ||     2
       Trog's Hand       ||     2
  Use: Potion            ||     2
 Stab: Sleeping          ||     1
  Eat: Chunk             ||     1
